 Dungeon Crawl Stone Soup version 0.22.0-38-g04b72b8 (webtiles) character file.

135 Fang the Skirmisher (level 5, -1/33 HPs)
             Began as a Gargoyle Berserker on Aug 30, 2018.
             Was a Believer of Trog.
             Slain by a phantom (2 damage)
             ... on level 4 of the Dungeon.
             The game lasted 00:02:43 (3033 turns).

Fang the Skirmisher (Gargoyle Berserker)            Turns: 3033, Time: 00:02:45

Health: -1/33      AC:  6    Str: 22    XL:     5   Next: 18%
Magic:  5/5        EV: 12    Int:  7    God:    Trog [**....]
Gold:   114        SH:  0    Dex:  9    Spells: 4/4 levels left

rFire    . . .     SeeInvis .   t - +2 war axe (venom)
rCold    . . .     Gourm    .   (no shield)
rNeg     + . .     Faith    .   b - +0 animal skin
rPois    ∞         Spirit   .   (no helmet)
rElec    +         Reflect  .   k - scarf {repulsion}
rCorr    .         Harm     .   (no gloves)
MR       .....                  (no boots)
Stlth    +.........             h - amulet of rage
HPRegen  0.11/turn              (no ring)
MPRegen  0.09/turn              (no ring)

@: repel missiles
A: negative energy resistance 1, electricity resistance, unbreathing,
petrification resistance, rot immunity, AC +4
a: Berserk, Trog's Hand, Renounce Religion, Evoke Berserk Rage


You were on level 4 of the Dungeon.
You worshipped Trog.
Trog was pleased with you.
You were not hungry.

You visited 1 branch of the dungeon, and saw 4 of its levels.

You collected 114 gold pieces.

Inventory:

Hand Weapons
 a - a +0 hand axe
 t - a +2 war axe of venom (weapon)
Armour
 b - a +0 animal skin (worn)
 f - a scarf of spirit shield
 k - a scarf of repulsion (worn)
Jewellery
 h - an amulet of rage (around neck)
Scrolls
 g - 4 scrolls of identify {unknown}
 j - 2 scrolls of fear {unknown}
 m - a scroll of teleportation {unknown}
 o - 4 scrolls of fog {unknown}
 p - 2 scrolls of magic mapping {unknown}
 q - a scroll of enchant armour {unknown}
 r - a scroll of blinking {unknown}
Potions
 d - 3 potions of mutation {unknown}
 e - a potion of invisibility {unknown}
 i - 2 potions of lignification {unknown}
 l - 2 potions of flight {unknown}
 n - a potion of heal wounds {unknown}
Comestibles
 c - 5 rations
 s - 2 chunks of flesh


   Skills:
 + Level 4.3 Fighting
 + Level 3.8 Axes
 + Level 2.4 Armour
 + Level 2.3 Dodging
 + Level 1.2 Stealth


You had 4 spell levels left.
You didn't know any spells.
Your spell library was empty.

Dungeon Overview and Level Annotations

Branches:
Dungeon (4/15)
 Temple: D:4-7

Altars:
Ashenzari
Cheibriados


Innate Abilities, Weirdness & Mutations

You are resistant to torment.
Your stone body is resilient. (AC +4)
You are immune to poison.
You resist negative energy. (rN+)
You are resistant to electric shocks. (rElec)
You can survive without breathing.
You are immune to petrification.
You are immune to rotting.


Message History

The phantom blinks!
The phantom misses you.
There is an open door here.
You hit the phantom.
The phantom is heavily damaged.
The phantom barely misses you.
You completely miss the phantom.
The phantom is heavily damaged.
The phantom misses you. The phantom barely misses you.
You closely miss the phantom.
The phantom is heavily damaged.
The phantom barely misses you.
You barely miss the phantom.
The phantom is heavily damaged.
The phantom hits you!
* * * LOW HITPOINT WARNING * * *
You slash the phantom!
The phantom is almost destroyed.
The phantom hits you.
You die...

##.......##
#.........#
+.........+
#.........#
##.......##
##.....##
##...##
#########W##
.........@#
#...#...#.#
..........##
...#...#..##
............#
#########..##
.######.#####.#
..............#
.######.#######


You could see a phantom.

Vanquished Creatures
  Jessica (D:3)
  3 adders (D:3)
  A shadow imp (D:3)
  An ooze (D:3)
  A worm (D:2)
  2 dart slugs (D:1)
  3 leopard geckos
  4 orcs (D:3)
  3 giant cockroaches
  2 goblins (D:1)
  10 hobgoblins
  4 jackals (D:4)
  6 kobolds
  2 ball pythons
  5 bats (D:1)
  3 frilled lizards
  6 rats
57 creatures vanquished.

Notes
Turn   | Place    | Note
-------+----------+-------------------------------------------
     0 | D:1      | Fang the Gargoyle Berserker began the quest for the Orb.
     0 | D:1      | Reached XP level 1. HP: 14/14 MP: 1/1
   102 | D:1      | Reached XP level 2. HP: 17/19 MP: 2/2
   348 | D:1      | Found a snail-covered altar of Cheibriados.
   481 | D:1      | Reached XP level 3. HP: 24/24 MP: 3/3
   506 | D:2      | Found a shattered altar of Ashenzari.
   666 | D:2      | Reached skill level 4 in Fighting
   779 | D:2      | Reached ** piety under Trog
  1969 | D:3      | Noticed Jessica
  1987 | D:3      | Killed Jessica
  1987 | D:3      | Reached XP level 4. HP: 10/29 MP: 4/4
  2359 | D:3      | Reached skill level 1 in Stealth
  2459 | D:3      | Reached XP level 5. HP: 17/33 MP: 5/5
  2986 | D:4      | Noticed a phantom
  3032 | D:4      | HP: 1/33 [phantom (7)]
  3033 | D:4      | Slain by a phantom

Skill      XL: |  1  2  3  4 |
---------------+-------------+-----
Axes           | 3 |  3.8
Fighting       | 4 |  4.3
Dodging        | 2 |  2.3
Stealth        | 1 |  1.2
Armour         | |  2.4

Action                   |  1- 3 |  4- 6 || total
-------------------------+-------+-------++-------
Melee: Hand axe          |   101 |    51 ||   152
       War axe           |       |    23 ||    23
Invok: Berserk           |     1 |       ||     1
 Stab: Sleeping          |       |     1 ||     1
  Eat: Chunk             |     1 |     3 ||     4
       Ration            |     1 |       ||     1
Armor: Animal skin       |    36 |    30 ||    66
Dodge: Dodged            |    64 |    56 ||   120
